 Dungeon Crawl Stone Soup version 0.17-a0-957-ga3519be (webtiles) character file.

15041 namelastname112 the Grappler (level 11, -5/92 HPs)
             Began as a Yellow Draconian Abyssal Knight on May 7, 2015.
             Was a Priest of Lugonu.
             Slain by a blink frog (10 damage)
             ... on level 2 of the Lair of Beasts.
             The game lasted 00:36:23 (19873 turns).

namelastname112 the Grappler (DrAK)                Turns: 19873, Time: 00:36:24

Health: -5/92      AC: 11    Str: 15    XL:     11   Next: 96%
Magic:  16/20      EV: 14    Int: 12    God:    Lugonu [***...]
Gold:   655        SH:  0    Dex: 14    Spells: 0 memorised, 10 levels left

rFire  + . .     SeeInvis .       - Unarmed
rCold  . . .     Clarity  +     (armour unavailable)
rNeg   . . .     SustAb   .     (no shield)
rPois  .         Gourm    .     d - +1 hat {MR+}
rElec  .         Spirit   .     b - +0 cloak
rCorr  +         Warding  .     p - +0 pair of gloves
rMut   .         Stasis   .     F - +0 pair of boots
MR     ++...                    n - amulet of clarity
Stlth  ++........               m - ring of protection from magic
                                L - ring of protection from fire

@: very resistant to hostile enchantments, unstealthy
A: spit acid, acid resistance, unfitting armour, cold-blooded, AC +7
a: Spit Acid, Depart the Abyss, Bend Space, Banish, Renounce Religion


You were on level 2 of the Lair of Beasts.
You worshipped Lugonu.
Lugonu was most pleased with you.
You were very hungry.

You visited 3 branches of the dungeon, and saw 13 of its levels.
You visited the Abyss 1 time.

You collected 655 gold pieces.

Inventory:

Armour
 b - a +0 cloak (worn)
 d - a +1 hat of magic resistance (worn)
 k - a +0 shield
 p - a +0 pair of gloves (worn)
 F - a +0 pair of boots (worn)
 W - a +1 buckler
Jewellery
 h - an uncursed amulet of resist mutation
 m - a ring of protection from magic (right hand)
 n - an amulet of clarity (around neck)
 L - a ring of protection from fire (left hand)
 U - an uncursed ring of invisibility
Magical devices
 A - a wand of draining (10)
 E - a wand of lightning (4)
 J - a wand of disintegration (13)
 K - a wand of magic darts (38)
 O - a wand of draining (6)
 Q - a wand of random effects (24)
 S - a wand of fireball (5)
 T - a wand of draining (6)
 X - a wand of confusion (31)
Scrolls
 e - 5 scrolls of fog
 f - a scroll of recharging
 g - 9 scrolls of identify
 l - a scroll of enchant weapon
 q - 2 scrolls of teleportation
 w - 5 scrolls of enchant armour
 y - 6 scrolls of remove curse
 M - a scroll of fear
Potions
 r - 2 potions of agility
 s - 2 potions of curing
 t - 5 potions of brilliance
 v - a potion of ambrosia
 C - a potion of cancellation
 H - a potion of cure mutation
Books
 u - a Young Poisoner's Handbook

   Spells                             Type                      Level
   a - Sting                          Conjuration/Poison           1
   b - Cure Poison                    Poison                       2
   c - Mephitic Cloud                 Conjuration/Poison/Air       3
   d - Olgreb's Toxic Radiance        Poison                       4
   e - Venom Bolt                     Conjuration/Poison           5
 x - a book of Power

   Spells                             Type                      Level
   a - Fulminant Prism                Conjuration/Hexes            4
   b - Iskenderun's Mystic Blast      Conjuration                  4
   c - Venom Bolt                     Conjuration/Poison           5
   d - Bolt of Magma                  Conjuration/Fire/Earth       5
   e - Iron Shot                      Conjuration/Earth            6
   f - Orb of Destruction             Conjuration                  7
   g - Spellforged Servitor           Conjuration/Summoning        7
Comestibles
 a - 13 bread rations
 c - 3 meat rations
 j - 8 beef jerkies
 I - 34 fruits


   Skills:
 + Level 7.0 Fighting
 + Level 5.0 Dodging
 + Level 5.0 Shields
 * Level 13.0 Unarmed Combat
 - Level 12.1 Invocations


You had 10 spell levels left.
You didn't know any spells.

Dungeon Overview and Level Annotations

Branches:
Dungeon (10/15)            Temple (1/1) D:5            Lair (2/8) D:9
    Orc: D:9-12

Altars:
Ashenzari
Elyvilon
Gozag
Kikubaaqudgha
Makhleb
Okawaru
Ru
Yredelemnul

Shops:
D:9 :

Annotations:
Abyss:1 Erolcha, Gastronok, Psyche


Innate Abilities, Weirdness & Mutations

You can spit globs of acid.
You are resistant to acid.
Your golden yellow scales are hard (AC +7).
Your body does not fit into most forms of armour.
You are cold-blooded and may be slowed by cold attacks.


Message History

The blink frog is severely wounded.
The blink frog hits you.
* * * LOW HITPOINT WARNING * * *
The blink frog blinks!
You start resting.
Use which ability? (? or * to list)
Press: ? - help, Shift-Dir - straight line, f - crocodile
Aim: a crocodile (translocational energy, chance 87%)
The crocodile is devoured by a tear in reality.
Lugonu claims a new guest.
Your Fighting skill increases to level 7!
Your Shields skill increases to level 5!
You are starving!
You're too hungry to rest.
Eat which item? (? for menu, Esc to quit)
You are feeling very hungry.
That choko was very bland.
You start resting.
The blink frog hits you!
You die...

.......P.....................###
..P.......P♣.###.............##
..............####P#.....P...P###
..P......P...## ###....#PP.....#
P....P.......## ##...####...##
........P.....# ###...## ##....
.P...P......#.# #P....P###.....
..PP..P...♣.#######..............
...........## #@#........§......
.P.PP.......####.F§.#.......§....
.........♣.......#..##......>....
.....P.♣..#......#####.....#.....
..P..♣.♣♣..#...P## ##....#.....
........###....## #####..........
....##.###.....# #.#............
....#P...#.....#####........<....
.................................


You could see a blink frog.

Vanquished Creatures
  Pikel (D:8)
  A black mamba (Lair:2)
  A spiny frog (Lair:1)
  2 komodo dragons
  11 blink frogs
  3 hungry ghosts
  6 yaks (Lair:2)
  A basilisk (Lair:2)
  2 vampire mosquitoes (D:8)
  6 wolves (Lair:2)
  3 hippogriffs
  3 porcupines
  A wasp (D:9)
  4 water moccasins
  4 sky beasts
  A black bear (D:8)
  An ice beast (D:6)
  A centaur (D:10)
  An ogre (D:10)
  5 crocodiles
  7 giant frogs
  A wyvern zombie (D:9)
  A wyvern skeleton (D:8)
  A water moccasin zombie (D:8)
  A gnoll sergeant (D:10)
  3 killer bees
  A scorpion (D:7)
  A crimson imp (D:7)
  A centaur skeleton (D:7)
  3 giant frog skeletons
  3 hounds
  2 jellies
  A giant frog zombie (D:8)
  6 orc wizards
  A centaur zombie (D:7)
  6 worker ants
  8 iguanas
  3 orc priests
  Terence (D:2)
  15 sheep
  2 hound skeletons (D:8)
  A worker ant zombie (D:9)
  3 gnolls (D:3)
  3 shadow imps
  19 adders
  3 oozes
  An adder skeleton (D:9)
  6 worms
  8 giant geckos
  31 orcs
  4 ball pythons
  8 giant cockroaches
  10 goblins
  16 hobgoblins
  12 kobolds
  6 quokkas
  16 bats
  6 giant newts
  11 jackals
  17 rats
307 creatures vanquished.

Vanquished Creatures (others)
  A hydra (Lair:1)
  The ghost of namelastname112 the Zephyrmancer, an experienced DrAE of Qazlal (D:7)
  A hill giant (D:10)
  A spiny frog (Lair:2)
  2 komodo dragons (Lair:1)
  The ghost of Pikaro the Twirler, an average DgWn (D:4)
  A blink frog (Lair:1)
  A yak (Lair:2)
  A wyvern (D:8)
  A vampire mosquito (D:8)
  2 porcupines
  An ogre (D:7)
  A phantom (D:4)
  2 crocodiles (Lair:2)
  An electric eel (Lair:1)
  2 worker ants
  A kobold (D:8)
  4 fungi (Lair:2)
  2 plants
27 creatures vanquished.

Grand Total: 334 creatures vanquished

Notes
Turn   | Place    | Note
--------------------------------------------------------------
     0 | Abyss:1  | namelastname112, the Draconian Abyssal Knight, began the quest for the Orb.
     0 | Abyss:1  | Reached XP level 1. HP: 19/19 MP: 2/2
    14 | Abyss:1  | Found a corrupted altar of Lugonu.
    18 | D:1      | Escaped the Abyss
   241 | D:1      | Reached XP level 2. HP: 23/26 MP: 3/3
   501 | D:1      | Acquired Lugonu's second power
   976 | D:2      | Reached XP level 3. HP: 31/31 MP: 5/5
  1038 | D:2      | Noticed Terence
  1639 | D:2      | Found a white marble altar of Elyvilon.
  1827 | D:3      | Noticed a hippogriff
  1902 | D:4      | Reached XP level 4. HP: 4/38 MP: 4/6
  1904 | D:4      | HP: 2/57 [poisoned by a worker ant]
  2192 | D:3      | Noticed a sky beast
  2230 | D:3      | Killed a sky beast
  2230 | D:3      | Reached skill level 4 in Invocations
  2230 | D:3      | Reached XP level 5. HP: 16/45 MP: 6/8
  2543 | D:2      | Killed Terence
  3186 | D:4      | Noticed a phantom
  3522 | D:3      | Reached skill level 5 in Invocations
  3522 | D:3      | Reached XP level 6. HP: 9/51 MP: 9/9
  3883 | D:3      | Acquired Lugonu's third power
  4079 | D:4      | Banished a phantom
  4269 | D:4      | You fall through a shaft for 2 floors!
  4280 | D:5      | Entered Level 5 of the Dungeon
  4291 | D:5      | Reached skill level 5 in Unarmed Combat
  4883 | D:4      | Noticed Pikaro's ghost (average DgWn)
  4884 | D:4      | Banished Pikaro's ghost
  4884 | D:4      | Reached skill level 6 in Invocations
  4884 | D:4      | Your scales start taking on a golden yellow colour.
  4884 | D:4      | Reached XP level 7. HP: 57/57 MP: 11/11
  5024 | D:3      | Killed a hippogriff
  5662 | D:5      | Found a staircase to the Ecumenical Temple.
  5676 | Temple   | Entered the Ecumenical Temple
  6040 | D:6      | Found an iron altar of Okawaru.
  6043 | D:6      | Found a burning altar of Makhleb.
  6044 | D:6      | Found an ancient bone altar of Kikubaaqudgha.
  6044 | D:6      | Found a basalt altar of Yredelemnul.
  6059 | D:6      | Acquired Lugonu's fourth power
  6322 | D:6      | Reached skill level 7 in Invocations
  7257 | D:6      | Reached XP level 8. HP: 40/63 MP: 13/13
  7851 | D:7      | Found an opulent altar of Gozag.
  7897 | D:7      | Reached skill level 8 in Invocations
  8117 | D:7      | Found a sacrificial altar of Ru.
  8365 | D:7      | Noticed namelastname112's ghost (experienced DrAE)
  8366 | D:7      | Banished namelastname112's ghost
  8704 | D:7      | Reached skill level 9 in Invocations
  8934 | D:8      | Noticed Psyche
  8935 | D:8      | Banished Psyche
  8945 | D:8      | Reached XP level 9. HP: 56/70 MP: 11/15
  9303 | D:8      | Reached skill level 10 in Invocations
  9681 | D:8      | Noticed Pikel
  9700 | D:8      | Killed Pikel
  9943 | D:8      | Reached skill level 10 in Unarmed Combat
 10369 | D:9      | Reached skill level 11 in Invocations
 10581 | D:9      | Noticed Gastronok
 10791 | D:8      | Reached XP level 10. HP: 33/77 MP: 18/18
 11088 | D:9      | HP: 5/115 [Gastronok/the air (28)]
 11089 | D:9      | Banished Gastronok
 11447 | D:9      | Found a shattered altar of Ashenzari.
 11584 | D:9      | Found Booclor's Book Shoppe.
 11588 | D:9      | Found a staircase to the Lair.
 11698 | D:9      | Reached skill level 12 in Invocations
 12040 | D:10     | Entered Level 10 of the Dungeon
 12049 | D:10     | Noticed Erolcha
 12061 | D:10     | Banished Erolcha
 12219 | D:10     | Noticed a hill giant
 12255 | D:10     | Reached skill level 1 in Shields
 12260 | D:10     | Banished a hill giant
 12822 | Lair:1   | Entered Level 1 of the Lair of Beasts
 13791 | Lair:1   | Reached XP level 11. HP: 44/85 MP: 20/20
 14169 | Lair:1   | Reached skill level 5 in Fighting
 14291 | Lair:1   | Noticed a six-headed hydra
 14291 | Lair:1   | Banished a six-headed hydra
 17989 | Lair:2   | Identified a scroll of acquirement
 18111 | Lair:2   | HP: 3/91 [yak (14)]
 19544 | Lair:2   | Reached skill level 5 in Dodging
 19544 | Lair:2   | Reached skill level 13 in Unarmed Combat
 19771 | Lair:2   | HP: 4/91 [blink frog (6)]
 19868 | Lair:2   | HP: 4/91 [blink frog (3)]
 19870 | Lair:2   | Reached skill level 5 in Shields
 19873 | Lair:2   | Slain by a blink frog

Action                   |  1- 3 |  4- 6 |  7- 9 | 10-12 || total
-------------------------+-------+-------+-------+-------++-------
Melee: Unarmed           |   174 |   227 |   554 |   587 ||  1542
Invok: Bend Space        |     5 |       |       |     1 ||     6
       Banish            |       |     2 |     7 |    20 ||    29
 Abil: Spit Acid         |       |       |     1 |     2 ||     3
Evoke: Wand              |       |       |       |     6 ||     6
  Use: Potion            |     1 |     5 |     2 |     6 ||    14
       Scroll            |       |       |       |    25 ||    25
 Stab: Sleeping          |       |     3 |     1 |     1 ||     5
       Distracted        |       |       |       |     1 ||     1
  Eat: Bread ration      |     1 |     1 |       |     1 ||     3
       Chunk             |       |     5 |    19 |    11 ||    35
       Pizza             |       |       |     2 |     3 ||     5
       Meat ration       |       |       |       |     3 ||     3
       Fruit             |       |       |       |     1 ||     1
